 Dungeon Crawl Stone Soup version 0.28-a0-674-gdaf460b524 (webtiles) character file.

Game seed: 15528364833317773206

1800 siradein the Skirmisher (level 8, -1/63 HPs)
             Began as a Demonspawn Gladiator on Oct 18, 2021.
             Was an Initiate of Hepliaklqana.
             Engulfed by a steam dragon's steam (9 damage)
             ... on level 6 of the Dungeon.
             The game lasted 00:16:57 (5825 turns).

siradein the Skirmisher (Demonspawn Gladiator)      Turns: 5825, Time: 00:16:57

Health: -1/63      AC: 18    Str: 21    XL:     8   Next: 83%
Magic:  9/9        EV: 10    Int: 11    God:    Hepliaklqana [......]
Gold:   340        SH: 12    Dex: 15    Spells: 7/7 levels left

rFire   . . .      SeeInvis .   H - +2 trident (protect)
rCold   . . .      Faith    .   F - +0 kite shield
rNeg    . . .      Spirit   .   G - +5 ring mail of Untruth {+Inv rCorr}
rPois   .          Reflect  +   c - +0 helmet
rElec   .          Harm     .   v - +2 cloak {Will+}
rCorr   +          Rampage  .   h - +2 pair of gloves
Will    +....                   i - +0 pair of boots
Stlth   +.........              e - amulet of reflection
HPRegen 0.20/turn               k - ring of flight
MPRegen 0.11/turn               y - +6 ring of strength

@: flying
A: icemail 2, condensation shield, weakness stinger 1
a: Renounce Religion, Evoke Invisibility


You were on level 6 of the Dungeon.
You worshipped Hepliaklqana.
Hepliaklqana was noncommittal.
You visited 2 branches of the dungeon, and saw 7 of its levels.
You also visited: Sewer.

You collected 340 gold pieces.

Inventory:

Hand Weapons
 l - a +0 hunting sling
 H - a +2 trident of protection (weapon)
Missiles
 d - 3 throwing nets (quivered)
 m - 209 stones
 o - 17 poisoned darts
 x - 15 sling bullets
 D - a curare-tipped dart
Armour
 c - a +0 helmet (worn)
 h - a +2 pair of gloves (worn)
 i - a +0 pair of boots (worn)
 v - a +2 cloak of willpower (worn)
 F - a +0 kite shield (worn)
 G - the +5 ring mail of Untruth (worn) {+Inv rCorr}
   (You found it on level 5 of the Dungeon)

   +Inv:      It lets you turn invisible.
   rCorr:     It protects you from acid and corrosion.
Jewellery
 e - an amulet of reflection (around neck)
 k - a ring of flight (left hand)
 y - a +6 ring of strength (right hand)
Wands
 a - a wand of flame (30)
Scrolls
 b - a scroll of torment {unknown}
 f - 3 scrolls of teleportation
 s - a scroll of identify {unknown}
 t - a scroll of fog {unknown}
 u - 2 scrolls of enchant armour {unknown}
 w - a scroll of amnesia {unknown}
 B - a scroll of silence {unknown}
 C - a scroll of magic mapping {unknown}
Potions
 g - a potion of invisibility {unknown}
 j - 2 potions of magic {unknown}
 n - 6 potions of flight
 p - 2 potions of lignification {unknown}
 q - 3 potions of curing
 r - a potion of resistance {unknown}
 z - a potion of degeneration {unknown}
 A - 2 potions of attraction {unknown}
 E - a potion of haste {unknown}


   Skills:
 + Level 5.6 Fighting
 + Level 5.6 Polearms
 + Level 5.1 Throwing
 + Level 1.6 Armour
 + Level 5.5 Dodging
 + Level 0.1 Shields
 + Level 2.6 Invocations
 + Level 2.0 Evocations


You had 7 spell levels left.
You didn't know any spells.
Your spell library contained the following spells:

 Spells                   Type           Power      Damage    Failure   Level
 Apportation              Tloc           0%         N/A       99%         1
 Slow                     Hex            0%         N/A       99%         2
 Confusing Touch          Hex            0%         N/A       100%        3
 Alistair's Intoxication  Tmut/Pois      0%         N/A       100%        5
 Yara's Violent Unravell  Hex/Tmut       0%         3d3       100%        5
 Invisibility             Hex            0%         N/A       100%        6


Dungeon Overview and Level Annotations

Branches:
Dungeon (6/15)             Temple (1/1) D:6           Sewer (visited)

Altars:
Ashenzari
Cheibriados
Dithmenos
Elyvilon
Fedhas
Gozag
Hepliaklqana
Kikubaaqudgha
Makhleb
Nemelex Xobeh
Okawaru
Qazlal
Ru
Sif Muna
Trog
Uskayaw
Vehumet
Wu Jian
Xom
Yredelemnul
Zin
The Shining One

Annotations:
D:4 2 transporters, sleeves's ghost, amateur DsMo


Innate Abilities, Weirdness & Mutations

A meltable icy envelope protects you from harm. (AC +0)
A meltable shield of frost defends you. (SH +0)
You have a small tail.


Message History

You hit the steam dragon but do no damage.
The steam dragon is moderately wounded.
You block the steam dragon's attack.
The steam dragon claws you but does no damage.
You closely miss the steam dragon.
You tail-slap the steam dragon, but do no damage.
The steam dragon is moderately wounded.
The steam dragon closely misses you. You block the steam dragon's attack.
The steam dragon completely misses you.
The steam dragon claws you but does no damage.
You barely miss the steam dragon.
The steam dragon is moderately wounded.
The steam dragon breathes steam at you. The ball of steam hits you!
Your icy defenses dissipate!
You hit the steam dragon but do no damage.
The steam dragon is moderately wounded.
You are engulfed in a cloud of scalding steam.
You block the steam dragon's attack. The steam dragon closely misses you.
You hit the steam dragon but do no damage.
Your tail-slap misses the steam dragon.
The steam dragon is moderately wounded.
The steam dragon bites you but does no damage.
You block the steam dragon's attack.
You hit the steam dragon.
Your tail-slap misses the steam dragon.
The steam dragon is moderately wounded.
The steam dragon breathes steam at you. The ball of steam hits you!!
A necrophage comes into view.
You block the steam dragon's attack. The steam dragon barely misses you.
You are too injured to fight recklessly!
You are too injured to fight recklessly!
You are too injured to fight recklessly!
The steam dragon breathes steam at you. The ball of steam hits you.
The steam dragon breathes steam at you. The ball of steam hits you!
* * * LOW HITPOINT WARNING * * *
You are engulfed in a cloud of scalding steam.
You die...

)..............'.................
#########.######.<......#........
#.# #........#.####### ### #.#
##'###+#.#.# #.. #.# #####'####
#..........# #.#
#.###........###..###.#.#######.#
.............+....§)).........#.#
.............###.§####..#######+#
.............##.@...........#....
...............§...###.#....#.###
.......##..###§##....#.#.##.'.#>#
.......##..#.§.......#.#....#.#'#
.......##..#D###.....#.######....
######.##..#.# #.....#.# ###'#
#.##..#.# #.....#.# #....
#.....#.# #.#####.# ###....
#.....#.# #. ##P#....


There were no monsters in sight!

Vanquished Creatures
  An ice beast (D:4)
  An ogre (D:4)
  A phantom (D:4)
  3 kobold brigands
  2 gnoll sergeants
  9 scorpions
  2 water moccasin skeletons
  2 bullfrog zombies
  2 jellies
  A hound (D:5)
  A gnoll shaman (D:6)
  3 iguanas
  10 gnolls
  16 adders
  A river rat (Sewer)
  A shadow imp (D:4)
  An ufetubus (D:4)
  An adder skeleton (D:5)
  6 worms
  A dart slug (D:2)
  6 orcs
  12 bats
  8 endoplasms
  4 giant cockroaches
  3 hobgoblins
  2 jackals (Sewer)
  4 quokkas
  5 ball pythons
  A frilled lizard (D:1)
  8 goblins
  21 kobolds
  9 rats
148 creatures vanquished.

Vanquished Creatures (others)
  2 kobolds (D:6)
  7 fungi (D:6)
  6 plants (D:4)
15 creatures vanquished.

Grand Total: 163 creatures vanquished

Notes
Turn   | Place    | Note
-------+----------+-------------------------------------------
     0 | D:1      | siradein the Demonspawn Gladiator began the quest for the
                  | Orb.
     0 | D:1      | Reached XP level 1. HP: 16/16 MP: 1/1
   403 | D:1      | Gained mutation: A meltable shield of frost defends you.
                  | (SH +0) [demonic ancestry]
   403 | D:1      | Reached XP level 2. HP: 22/22 MP: 2/2
   439 | D:1      | HP: 1/22 [hobgoblin (1)]
   774 | D:1      | Found a faded altar of an unknown god.
  1397 | D:2      | Gained mutation: A meltable icy envelope protects you from
                  | harm. (AC +0) [demonic ancestry]
  1397 | D:2      | Reached XP level 3. HP: 9/28 MP: 3/3
  1882 | D:2      | Gained mutation: A meltable icy envelope protects you from
                  | harm. (AC +0) [demonic ancestry]
  1882 | D:2      | Reached XP level 4. HP: 34/34 MP: 4/4
  2510 | D:3      | Noticed a scorpion
  2518 | D:3      | Killed a scorpion
  2519 | D:3      | Gained mutation: You have a small tail. [demonic ancestry]
  2519 | D:3      | Reached XP level 5. HP: 41/41 MP: 5/5
  2681 | D:3      | Found a glowing drain.
  2690 | Sewer    | Entered a sewer
  2793 | Sewer    | Reached XP level 6. HP: 39/47 MP: 6/6
  3480 | D:4      | Noticed sleeves's ghost (amateur DsMo)
  3550 | D:4      | Found a transporter.
  3559 | D:4      | Found a transporter.
  3880 | D:4      | Reached XP level 7. HP: 54/54 MP: 7/7
  4149 | D:5      | Entered Level 5 of the Dungeon
  4364 | D:5      | Found a snail-covered altar of Cheibriados.
  4562 | D:5      | Reached skill level 5 in Dodging
  4643 | D:5      | Reached skill level 5 in Polearms
  4643 | D:5      | Reached XP level 8. HP: 61/61 MP: 8/8
  4656 | D:5      | Reached skill level 5 in Fighting
  4903 | D:5      | Identified the +5 ring mail of Untruth {+Inv rCorr}
  4994 | D:6      | Found a staircase to the Ecumenical Temple.
  5007 | Temple   | Entered the Ecumenical Temple
  5106 | Temple   | Became a worshipper of Hepliaklqana the Forgotten
  5311 | D:6      | Reached skill level 1 in Invocations
  5340 | D:6      | Reached skill level 1 in Evocations
  5344 | D:6      | Reached skill level 1 in Armour
  5467 | D:6      | Reached skill level 5 in Throwing
  5530 | D:6      | Found the +7 Singing Sword {vorpal, sonic wave}
  5825 | D:6      | Engulfed by a steam dragon's steam

Illustrated notes

Levels and vault maps discovered:
D:1:      lightli_arrival_isolated_outpost, layout_basic,
          dreamdust_ecumenical_altar_angels_and_demons
D:2:      layout_rooms, grunt_decor_one_mirror
D:3:      minmay_angry_zag, layout_rooms, cheibrodos_sewer_entry_bend
D:4:      layout_basic, gammafunk_ghost_gnarly_gnolls
D:5:      layout_basic, cheibriados_altar_1, hangedman_decor_peaks_small
D:6:      old_forge, layout_basic, minmay_temple_entry_glassed_door,
          amethyst_killhole, lemuel_flamethrower_1, uniq_duvessa
Temple:   compressed_dpeg_circular_temple

Skill      XL: |  1  2  3  4  5  6  7  8 |
---------------+-------------------------+-----
Throwing       | 2 3 4 5 |  5.1
Polearms       | 3 4 5 |  5.6
Dodging        | 3 4 5 |  5.5
Fighting       | 3 4 5 |  5.6
Invocations    | 2 |  2.6
Evocations     | 2 |  2.0
Armour         | 1 |  1.6
Shields        | |  0.1

Action                   |  1- 3 |  4- 6 |  7- 9 || total
-------------------------+-------+-------+-------++-------
Melee: Trident           |   137 |   223 |    75 ||   435
       Tailslap          |       |    25 |    26 ||    51
       Halberd           |       |       |   129 ||   129
 Fire: Hunting sling     |     1 |     3 |     3 ||     7
  Use: Scroll            |       |     3 |       ||     3
 Stab: Sleeping          |     1 |       |       ||     1
Armor: Leather armour    |    52 |    79 |    13 ||   144
       Scale mail        |       |       |     7 ||     7
       Ring mail         |       |       |    34 ||    34
Dodge: Dodged            |    72 |   101 |    81 ||   254
Block: Other             |    53 |   101 |    89 ||   243
       Reflection        |     4 |     5 |     3 ||    12
       Kite shield       |       |       |    12 ||    12

Table legend: (Time is in decaauts)
 A = Elapsed time spent in this place.
 B = Non-inter-level travel time spent in this place.
 C = Inter-level travel time spent in this place.
 D = Time resting spent in this place.
 E = Time spent auto-exploring this place.
 F = Levels seen in this place.
 G = Mean time per level.
                   A        B        C        D        E       F      G
               +--------+--------+--------+--------+--------+-----+--------+
         Total |   5922 |   5727 |    195 |     51 |   3941 |   8 |  740.2 |
       Dungeon |   5563 |   5368 |    195 |     51 |   3760 |   6 |  927.2 |
        Temple |    132 |    132 |      0 |      0 |     57 |   1 |  132.0 |
         Sewer |    226 |    226 |      0 |      0 |    124 |   1 |  226.0 |
               +--------+--------+--------+--------+--------+-----+--------+

Top non-repeatable levels by time:
     D:1: 1322 daAuts
     D:2: 1089 daAuts
     D:4: 980 daAuts
     D:6: 786 daAuts
     D:3: 697 daAuts
     D:5: 687 daAuts
   Sewer: 226 daAuts
  Temple: 132 daAuts
